PR
ELLESMERE ISLAND SNOWPEOPLE @ MEMPHIS MUSIC
06/23/2034
 
TOP OF THE 1ST
Ellesmere Island Snowpeople batting - Pitching for Memphis Music : RHP Jon Murillo
Pitching: RHP Jon Murillo
Batting: SHB Armond Buonaiuti 0-0: Called Strike
0-1: Ball
1-1: Swinging Strike
1-2: Ball
2-2: Foul Ball, location: 2F
2-2: Reached on error, E6 (Groundball, 6)
Batting: RHB Tristan Eikelenboom 0-0: SINGLE (Line Drive, 9S)
Armond Buonaiuti to second
Runner from 2nd tries for 3rd, OUT!
Batting: RHB Luigino Colombo 0-0: Called Strike
0-1: Called Strike
0-2: Ball
1-2: Ball
2-2: Fly out, F7 (Line Drive, 7D)
Batting: LHB Jacques Viceronte 0-0: Called Strike
0-1: Foul Ball, location: 2F
0-2: SINGLE (Line Drive, 6M)
Tristan Eikelenboom to second
Batting: RHB Teok-kyu Pak 0-0: Called Strike
0-1: Foul Ball, location: 2F
0-2: Ball
1-2: Ball
2-2: Foul Ball, location: 2F
2-2: Strikes out swinging
Top of the 1st over - 0 runs, 2 hits, 1 error, 2 left on base; Ellesmere Island 0 - Memphis 0
BOTTOM OF THE 1ST
Memphis Music batting - Pitching for Ellesmere Island Snowpeople : LHP Wilson Tamayo
Pitching: LHP Wilson Tamayo
Batting: RHB Jeffrey O'Tarcert 0-0: Foul Ball, location: 2F
0-1: Swinging Strike
0-2: Ball
1-2: Ball
2-2: Ground out 5-3 (Groundball, 56)
Batting: RHB Clint Morgan 0-0: Ball
1-0: Swinging Strike
1-1: SINGLE (Line Drive, 89S)
Batting: RHB Ethan Brierley 0-0: Ball
1-0: Called Strike
1-1: Called Strike
1-2: Ball
2-2: SINGLE (Groundball, 56S) (infield hit)
Clint Morgan to second
Batting: LHB Jorge Ortíz 0-0: Called Strike
0-1: SINGLE (Groundball, 4MD)
Clint Morgan to third
Ethan Brierley to second
Batting: RHB Ryan Coakley 0-0: Ball
1-0: Foul Ball, location: 2F
1-1: Ball
2-1: Fly out, F9 (Flyball, 9LD)
Runner from 3rd tags up, SCORES, no throw
Batting: RHB Pellervo Rintanen 0-0: Foul Ball, location: 2F
0-1: Ball
1-1: Ball
2-1: Foul Ball, location: 2F
2-2: Fielders Choice at 2nd, 6-4 (Groundball, 56)
Bottom of the 1st over - 1 run, 3 hits, 0 errors, 2 left on base; Ellesmere Island 0 - Memphis 1
TOP OF THE 2ND
Ellesmere Island Snowpeople batting - Pitching for Memphis Music : RHP Jon Murillo
Batting: RHB Riemer Kila 0-0: Foul Ball, location: 2F
0-1: Ball
1-1: Ball
2-1: Ground out 4-3 (Groundball, 34)
Batting: RHB Carlos Moreno 0-0: Ball
1-0: Ball
Error on foul ball, E2
2-1: Called Strike
2-2: Foul Ball, location: 2F
2-2: Ground out 5-3 (Groundball, 56S)
Batting: RHB Feng-yi Wen 0-0: Swinging Strike
0-1: Foul Ball, location: 2F
0-2: Strikes out swinging
Top of the 2nd over - 0 runs, 0 hits, 1 error, 0 left on base; Ellesmere Island 0 - Memphis 1
BOTTOM OF THE 2ND
Memphis Music batting - Pitching for Ellesmere Island Snowpeople : LHP Wilson Tamayo
Batting: RHB Gene Wilson 0-0: Ball
1-0: Ball
2-0: Foul Ball, location: 2F
2-1: Ball
3-1: Foul Ball, location: 2F
3-2: Fly out, F7 (Flyball, 7S)
Batting: LHB Luther Greene 0-0: Foul Ball, location: 2F
0-1: Ball
1-1: Called Strike
1-2: SINGLE (Groundball, 4D)
Batting: RHB Brian Cronk 0-0: Called Strike
0-1: Ball
1-1: Ball
Wild Pitch!
Luther Greene to second
2-1: Swinging Strike
2-2: Fly out, F9 (Flyball, 89S)
Batting: RHB Jeffrey O'Tarcert 0-0: Ground out 6-3 (Groundball, 6)
Bottom of the 2nd over - 0 runs, 1 hit, 0 errors, 1 left on base; Ellesmere Island 0 - Memphis 1
TOP OF THE 3RD
Ellesmere Island Snowpeople batting - Pitching for Memphis Music : RHP Jon Murillo
Batting: RHB José González 0-0: Swinging Strike
0-1: Ball
1-1: Ground out U3 (Groundball, 3)
Batting: SHB Armond Buonaiuti 0-0: Called Strike
0-1: Ball
1-1: Called Strike
1-2: Ground out 5-3 (Groundball, 56S)
Batting: RHB Tristan Eikelenboom 0-0: Ground out 4-3 (Groundball, 4)
Top of the 3rd over - 0 runs, 0 hits, 0 errors, 0 left on base; Ellesmere Island 0 - Memphis 1
BOTTOM OF THE 3RD
Memphis Music batting - Pitching for Ellesmere Island Snowpeople : LHP Wilson Tamayo
Batting: RHB Clint Morgan 0-0: Ground out 6-3 (Groundball, 6)
Batting: RHB Ethan Brierley 0-0: Ball
1-0: Ball
2-0: Ball
3-0: Called Strike
3-1: Base on Balls
Batting: LHB Jorge Ortíz 0-0: Swinging Strike
0-1: 2-RUN HOME RUN (Flyball, 89XD), Distance : 448 ft
Batting: RHB Ryan Coakley 0-0: Ball
1-0: Foul Ball, location: 2F
1-1: SINGLE (Flyball, 7S)
Batting: RHB Pellervo Rintanen 0-0: Ball
1-0: Called Strike
1-1: Ball
2-1: Ground out 5-3 (Groundball, 56S)
Ryan Coakley to second
Batting: RHB Gene Wilson 0-0: Ball
1-0: Ball
Wild Pitch!
Ryan Coakley to third
2-0: Ball
3-0: Base on Balls
Batting: LHB Luther Greene 0-0: Called Strike
0-1: Fly out, F8 (Flyball, 8RS)
Bottom of the 3rd over - 2 runs, 2 hits, 0 errors, 2 left on base; Ellesmere Island 0 - Memphis 3
TOP OF THE 4TH
Ellesmere Island Snowpeople batting - Pitching for Memphis Music : RHP Jon Murillo
Batting: RHB Luigino Colombo 0-0: Foul Ball, location: 2F
0-1: Swinging Strike
0-2: Ball
1-2: Foul Ball, location: 2F
1-2: Ball
2-2: Strikes out swinging
Batting: LHB Jacques Viceronte 0-0: Fly out, F7 (Line Drive, 78D)
Batting: RHB Teok-kyu Pak 0-0: Ball
1-0: Called Strike
1-1: TRIPLE (Line Drive, 89D)
Batting: RHB Riemer Kila 0-0: Ground out 1-3 (Groundball, 15)
Top of the 4th over - 0 runs, 1 hit, 0 errors, 1 left on base; Ellesmere Island 0 - Memphis 3
BOTTOM OF THE 4TH
Memphis Music batting - Pitching for Ellesmere Island Snowpeople : LHP Wilson Tamayo
Batting: RHB Brian Cronk 0-0: Foul Ball, location: 2F
0-1: Ball
1-1: Foul Ball, location: 2F
1-2: Strikes out looking
Pitching: LHP Jian-gun Lin
Batting: RHB Jeffrey O'Tarcert 0-0: Ball
1-0: Ball
2-0: Ball
3-0: Base on Balls
Batting: RHB Clint Morgan 0-0: Ball
1-0: Ball
2-0: Called Strike
2-1: Swinging Strike
2-2: Ball
3-2: Strikes out swinging
Batting: RHB Ethan Brierley 0-0: Foul Ball, location: 2F
0-1: Ball
1-1: Foul Ball, location: 2F
1-2: Ball
2-2: Ground out 4-3 (Groundball, 4)
Bottom of the 4th over - 0 runs, 0 hits, 0 errors, 1 left on base; Ellesmere Island 0 - Memphis 3
TOP OF THE 5TH
Ellesmere Island Snowpeople batting - Pitching for Memphis Music : RHP Jon Murillo
Batting: RHB Carlos Moreno 0-0: Ball
1-0: Foul Ball, location: 2F
1-1: Ball
2-1: DOUBLE (Line Drive, 78D)
Batting: RHB Feng-yi Wen 0-0: Ball
1-0: Foul Ball, location: 2F
1-1: Foul Ball, location: 2F
1-2: Strikes out looking
Batting: RHB José González 0-0: Ball
1-0: Ball
2-0: Called Strike
2-1: Ball
3-1: Called Strike
3-2: Strikes out swinging
Batting: SHB Armond Buonaiuti 0-0: Called Strike
0-1: Ball
1-1: Ball
2-1: Fly out, F7 (Flyball, 7S)
Top of the 5th over - 0 runs, 1 hit, 0 errors, 1 left on base; Ellesmere Island 0 - Memphis 3
BOTTOM OF THE 5TH
Memphis Music batting - Pitching for Ellesmere Island Snowpeople : LHP Jian-gun Lin
Batting: LHB Jorge Ortíz 0-0: Called Strike
0-1: SINGLE (Groundball, 34D)
Batting: RHB Ryan Coakley 0-0: Ball
1-0: Swinging Strike
1-1: Foul Ball, location: 2F
1-2: Ball
2-2: Ball
3-2: Foul Ball, location: 2F
3-2: 2-RUN HOME RUN (Flyball, 7D), Distance : 419 ft
Batting: RHB Pellervo Rintanen 0-0: Ground out 1-3 (Groundball, P)
Batting: RHB Gene Wilson 0-0: Foul Ball, location: 2F
0-1: Foul Ball, location: 2F
0-2: Ball
1-2: Ball
2-2: Strikes out swinging
Batting: LHB Luther Greene 0-0: Ball
1-0: Called Strike
1-1: Foul Ball, location: 2F
1-2: Strikes out looking
Bottom of the 5th over - 2 runs, 2 hits, 0 errors, 0 left on base; Ellesmere Island 0 - Memphis 5
TOP OF THE 6TH
Ellesmere Island Snowpeople batting - Pitching for Memphis Music : RHP Jon Murillo
Batting: RHB Tristan Eikelenboom 0-0: Ball
1-0: SINGLE (Line Drive, 56D)
Batting: RHB Luigino Colombo 0-0: Fly out, F8 (Flyball, 8RD)
Batting: LHB Jacques Viceronte 0-0: Called Strike
0-1: Called Strike
0-2: Ball
1-2: Foul Ball, location: 2F
1-2: Foul Ball, location: 2F
1-2: Fly out, F6 (Line Drive, 6M)
Batting: RHB Teok-kyu Pak 0-0: Ball
1-0: Foul Ball, location: 2F
1-1: Foul Ball, location: 2F
1-2: Strikes out swinging
Top of the 6th over - 0 runs, 1 hit, 0 errors, 1 left on base; Ellesmere Island 0 - Memphis 5
BOTTOM OF THE 6TH
Memphis Music batting - Pitching for Ellesmere Island Snowpeople : LHP Jian-gun Lin
Batting: RHB Brian Cronk 0-0: Ball
1-0: Ball
2-0: Called Strike
2-1: Swinging Strike
2-2: Ball
3-2: Foul Ball, location: 2F
3-2: Foul Ball, location: 2F
3-2: Base on Balls
Batting: RHB Jeffrey O'Tarcert 0-0: Called Strike
0-1: Called Strike
0-2: Foul Ball, location: 2F
0-2: Strikes out swinging
Batting: RHB Clint Morgan 0-0: Ball
1-0: DOUBLE (Line Drive, 89D)
Brian Cronk to third
Runner from 3rd tries for Home, SAFE, throw made at trailing runner, OUT at third!
Batting: RHB Ethan Brierley 0-0: Called Strike
0-1: SINGLE (Line Drive, 89M)
Batting: LHB Jorge Ortíz 0-0: Ball
1-0: Ball
2-0: Ball
Pickoff Throw by Catcher to First - Out!
Bottom of the 6th over - 1 run, 2 hits, 0 errors, 0 left on base; Ellesmere Island 0 - Memphis 6
TOP OF THE 7TH
Ellesmere Island Snowpeople batting - Pitching for Memphis Music : RHP Jon Murillo
Batting: RHB Riemer Kila 0-0: Ball
1-0: Ground out 4-3 (Groundball, 4)
Batting: RHB Carlos Moreno 0-0: Ball
1-0: Ball
2-0: Ground out 5-3 (Groundball, 5L)
Batting: RHB Feng-yi Wen 0-0: Called Strike
0-1: Foul Ball, location: 2F
0-2: Ball
1-2: Ball
2-2: Foul Ball, location: 2F
2-2: Strikes out swinging
Top of the 7th over - 0 runs, 0 hits, 0 errors, 0 left on base; Ellesmere Island 0 - Memphis 6
BOTTOM OF THE 7TH
Memphis Music batting - Pitching for Ellesmere Island Snowpeople : LHP Jian-gun Lin
Batting: LHB Jorge Ortíz 0-0: Ball
1-0: Called Strike
1-1: Ball
2-1: Swinging Strike
2-2: Ball
3-2: SINGLE (Groundball, 6M) (infield hit)
Batting: RHB Ryan Coakley 0-0: Ball
1-0: Called Strike
1-1: Grounds into double play, 6-4-3 (Groundball, 56)
Batting: RHB Pellervo Rintanen 0-0: Called Strike
0-1: Swinging Strike
0-2: Strikes out swinging
Bottom of the 7th over - 0 runs, 1 hit, 0 errors, 0 left on base; Ellesmere Island 0 - Memphis 6
TOP OF THE 8TH
Ellesmere Island Snowpeople batting - Pitching for Memphis Music : RHP Jon Murillo
Batting: RHB José González 0-0: Called Strike
0-1: Ball
1-1: Swinging Strike
1-2: Ball
2-2: Foul Ball, location: 2F
2-2: Ball
3-2: Strikes out looking
Batting: SHB Armond Buonaiuti 0-0: Called Strike
0-1: Ground out U3 (Groundball, 3S)
Batting: RHB Tristan Eikelenboom 0-0: Ball
1-0: Called Strike
1-1: Swinging Strike
1-2: SINGLE (Flyball, 8RS)
Batting: RHB Luigino Colombo 0-0: Ball
Wild Pitch!
Tristan Eikelenboom to second
1-0: Ground out 5-3 (Groundball, 56)
Top of the 8th over - 0 runs, 1 hit, 0 errors, 1 left on base; Ellesmere Island 0 - Memphis 6
BOTTOM OF THE 8TH
Memphis Music batting - Pitching for Ellesmere Island Snowpeople : LHP Jian-gun Lin
Batting: RHB Gene Wilson 0-0: Called Strike
0-1: Ball
1-1: Ball
2-1: Foul Ball, location: 2F
2-2: Strikes out swinging
Batting: LHB Luther Greene 0-0: Called Strike
0-1: Ball
1-1: Ball
2-1: Called Strike
2-2: Fly out, F7 (Flyball, 7LSF)
Batting: RHB Brian Cronk 0-0: Foul Ball, location: 2F
0-1: Foul Ball, location: 2F
0-2: Strikes out swinging
Bottom of the 8th over - 0 runs, 0 hits, 0 errors, 0 left on base; Ellesmere Island 0 - Memphis 6
TOP OF THE 9TH
Ellesmere Island Snowpeople batting - Pitching for Memphis Music : RHP Jon Murillo
Batting: LHB Jacques Viceronte 0-0: Called Strike
0-1: Fly out, F9 (Flyball, 89M)
Batting: RHB Teok-kyu Pak 0-0: SINGLE (Groundball, 6MD)
Pitching: RHP Lee Gunn
Batting: RHB Riemer Kila 0-0: Swinging Strike
0-1: SINGLE (Flyball, 3D)
Teok-kyu Pak to second
Batting: RHB Carlos Moreno 0-0: Called Strike
0-1: Swinging Strike
0-2: Ground out 5-3 (Groundball, 56D)
Teok-kyu Pak to third
Riemer Kila to second
Batting: RHB Feng-yi Wen 0-0: SINGLE (Groundball, 4MD)
Teok-kyu Pak scores
Riemer Kila to third
Batting: RHB José González 0-0: Ball
1-0: Ball
2-0: Fly out, F9 (Flyball, 9S)
Top of the 9th over - 1 run, 3 hits, 0 errors, 2 left on base; Ellesmere Island 1 - Memphis 6
Friday, March 29th, 2019 - OOTP Baseball 18.8 Build 76